[Event "*** Titled Tuesday Blitz"]
[Site "Chess.com"]
[Date "2020.03.03"]
[Round "3"]
[White "INLOVEWITHF"]
[Black "BeanScreen"]
[Result "0-1"]
[WhiteElo "2424"]
[BlackElo "2650"]
[TimeControl "180+1"]
[EndTime "13:31:50 PST"]
[Termination "BeanScreen won by resignation"]

1. d4 d5 2. c4 dxc4 3. e3 e5 4. Nf3 Nc6 5. d5 Bb4+ 6. Nc3 Bxc3+ 7. bxc3 e4 8. dxc6 Qxd1+ 9. Kxd1 exf3 10. gxf3 b5 11.
a4 Ba6 12. axb5 Bxb5 13. e4 Ne7 14. Ra5 a6 15. Be3 Nxc6 16. Ra2 O-O-O+ 17. Kc1 Ne5 18.
Be2 Rhe8 19. f4 Nd3+ 20. Bxd3 Rxd3 21. Bd4 f6 22. Re1 c5 23. Bxc5 Rxc3+ 24. Kd2 Rd3+ 25. Kc2 Red8 26. Be3 Kb7 27. Rg1 g6 28. e5 fxe5 29. fxe5 Re8 30. Rg5 Bc6 31. Rb2+ Kc8 32. Rb4 Bd5 33.
Ra4 Re6 34. h4 Rc6 35. h5 Be4 36. Kc1 Rb3 37. Ra1 a5 38. hxg6 hxg6 39. Rg4 Bf5 40. Rd4 a4 41. Rxa4 Rb1+ 42. Kd2 c3+ 43. Ke2 c2 44. Rac4 c1=Q 45. Bxc1 Rxc1 46. Rxc6+ Rxc6 47. Ke3 Rc7 48. Kf4 Rd7 49. Rc4+ Kd8 50. Kg5 Ke7 51.
f4 Rd1 52. Rb4 Rh1 53. Rb7+ Ke6 54. Rb6+ Kd5 55. Kf6 Rf1 56. Rd6+ Kc5 57. Rd2 Rxf4 58. Kg5 Re4 59. Rb2 Rxe5 60. Rf2 Bd3+ 61. Kf6 Rf5+ 62. Rxf5+ gxf5 63. Ke5 Kc4 64. Kf4 Kd4 0-1

[Event "*** Titled Tuesday Blitz"]
[Site "Chess.com"]
[Date "2020.03.03"]
[Round "3"]
[White "Hasangatin_Ramil"]
[Black "szefru"]
[Result "1-0"]
[WhiteElo "2548"]
[BlackElo "2169"]
[TimeControl "180+1"]
[EndTime "13:31:52 PST"]
[Termination "Hasangatin_Ramil won by checkmate"]

1. e4 e5 2. Nf3 Nc6 3. d4 exd4 4. Nxd4 Bc5 5. Be3 Bb6 6. Nc3 Nge7 7. Be2 d6 8. O-O Bd7 9. Qd2 O-O 10. Kh1 f5 11. Nxf5 Nxf5 12. Bxb6 axb6 13. exf5 Bxf5 14. Nd5 Ne5 15. c4 c6 16. Ne3 Be6 17. b3 Qf6 18. f4 Nd7 19. Qxd6 Nc5 20. f5 Bd7 21. Qxf6 Rxf6 22. Bg4 Ne4 23. Kg1 Raf8 24. Rad1 Bc8 25. Bh3 h5 26. g3 Nd6 27. Bg2 Nxf5 28. Nxf5 Rxf5 29. Rxf5 Bxf5 30. Rd2 Rf7 31. Bf3 g6 32.
Kg2 Kg7 33. h4 Re7 34. Kf2 Kf6 35. Rd8 Rd7 36. Rxd7 Bxd7 37. Ke3 Ke5 38. a4 Be6 39. Kd3 Bf5+ 40. Kc3 Be6 41. b4 Bf5 42. b5 Bd7 43.
Bg2 Kd6 44. Kd4 c5+ 45. Ke4 Bc8 46. Kf4 Ke6 47. Be4 Kf6 48. Bd5 Kg7 49. Ke5 g5 50. Kd6 Kg6 51. Kc7 Bf5 52. Kxb6 gxh4 53. gxh4 Bc2 54. Kxb7 Bxa4 55. b6 Bd7 56. Kc7 Bf5 57.
b7 Bd3 58. b8=Q Kf5 59. Qf8+ Kg4 60. Qe7 Bf5 61. Qg5+ Kh3 62. Qxf5+ Kh2 63. Qg5 Kh3 64. Kd6 Kh2 65. Qg2# 1-0

[Event "*** Titled Tuesday Blitz"]
[Site "Chess.com"]
[Date "2020.03.03"]
[Round "3"]
[White "Playgood28"]
[Black "talman67"]
[Result "0-1"]
[WhiteElo "2249"]
[BlackElo "2518"]
[TimeControl "180+1"]
[EndTime "13:31:53 PST"]
[Termination "talman67 won on time"]

1. d4 Nf6 2. c4 e6 3. Nc3 Bb4 4. Qc2 d5 5. e3 c5 6. a3 Bxc3+ 7. bxc3 cxd4 8. cxd4 O-O 9. Nf3 b6 10. cxd5 Qxd5 11. Bc4 Qc6 12. Bd3 Qxc2 13. Bxc2 Ba6 14. Bb2 Nbd7 15. Bd1 Rac8 16. a4 Bc4 17. Nd2 Bd3 18. Ra3 Ba6 19. a5 Rb8 20. Be2 Bxe2 21. Kxe2 bxa5 22. Bc3 Nd5 23. Bxa5 Rfc8 24. Rha1 Rc2 25.
Kd3 Rbb2 26. g3 Rc8 27. R1a2 Rb7 28. e4 Ne7 29. Bc3 Ra8 30. Nc4 Nc6 31. Na5 Nxa5 32. Rxa5 Kf8 33. h4 Ke8 34. R5a3 Nb6 35. Ba5 Nc8 36. d5 exd5 37. exd5 Rab8 38. Bc3 Kd7 39. Bxg7 Kd6 40. Bh6 Kxd5 41. Be3 Rb3+ 42. Ke2 Rxa3 43. Rxa3 Rb7 44. Kf3 Kc4 45. Kf4 Kb4 46. Ra1 Rd7 47. Kg5 a5 48. Kh6 f6 49. Rb1+ Ka3 50. Ra1+ Kb4 51. Rb1+ Ka4 52. Ra1+ Kb5 53. Rb1+ Ka6 54. Rb8 Rc7 55. h5 a4 56. Ra8+ Na7 57. Bxa7 Kb7 58. Rf8 Kxa7 59. Rxf6 a3 60. Rf3 Rc6+ 61. Kxh7 Ra6 62.
Kg7 a2 63. Rf7+ Kb8 0-1

[Event "*** Titled Tuesday Blitz"]
[Site "Chess.com"]
[Date "2020.03.03"]
[Round "3"]
[White "Imre91"]
[Black "Micki-taryan"]
[Result "1-0"]
[WhiteElo "2748"]
[BlackElo "2989"]
[TimeControl "180+1"]
[EndTime "13:31:55 PST"]
[Termination "Imre91 won by checkmate"]

1. d4 Nf6 2. Nf3 e6 3. Bf4 b6 4. e3 Bb7 5. Bd3 Bd6 6. Bg3 O-O 7. Nbd2 Nc6 8. c3 Ne7 9. Qc2 Ng6 10. O-O Bxg3 11. hxg3 d6 12. Rad1 Qe7 13. a4 e5 14.
dxe5 Nxe5 15. a5 Nxd3 16. Qxd3 Rfe8 17. Ra1 g6 18. Rfd1 Rab8 19. Qd4 Nd7 20. axb6 axb6 21. Ra7 Nc5 22. Rda1 Ra8 23. b4 Ne6 24. Qc4 Rxa7 25. Rxa7 Rb8 26. Qa2 Kg7 27. Nd4 Nd8 28. b5 Qe5 29. c4 h6 30. Qa1 Kh7 31. N2f3 Qe4 32. Qc3 Ra8 33. Rxa8 Bxa8 34. Ne2 Qb1+ 35. Kh2 Qf5 36.
Ned4 Qe4 37. Qa3 Kg8 38. Qa7 Qb7 39. Qa1 Qe4 40. Qa7 Qb7 41. Qa1 Kh7 42. g4 Qe4 43.
Qa7 Bb7 44. Qb8 Qe7 45. Kg1 Qd7 46. g5 hxg5 47. Nxg5+ Kg7 48. Qa7 Kg8 49. Ngf3 Qc8 50. Qa1 Qa8 51. Qc3 Qa2 52. Ng5 Qb1+ 53. Kh2 Qf1 54.
Ndf3 Bxf3 55. Nxf3 Ne6 56. Qc2 Qa1 57. Qe4 Qh8+ 58.
Kg1 Qa1+ 59. Kh2 Kg7 60. Nd4 Nc5 61. Qe7 Qf1 62. Qxc7 Qxf2 63. Qxd6 Qh4+ 64. Kg1 Qe1+ 65. Kh2 Qxe3 66. Nf3 Qh6+ 67. Kg1 Qc1+ 68. Kh2 Qxc4 69. Qxb6 Qf4+ 70. Kg1 Qe3+ 71. Kh2 Qf4+ 72. Kg1 Ne6 73.
Qc6 Qe3+ 74. Kh2 Qh6+ 75. Kg1 Qe3+ 76. Kh2 Nf4 77. Qd6 Kh7 78. Qf6 Ne6 79. Qxf7+ Kh6 80.
Qf6 Qb6 81. Qh8# 1-0

[Event "*** Titled Tuesday Blitz"]
[Site "Chess.com"]
[Date "2020.03.03"]
[Round "3"]
[White "Mikasinski"]
[Black "ZWISCHENZUGGED"]
[Result "1/2-1/2"]
[WhiteElo "2263"]
[BlackElo "2551"]
[TimeControl "180+1"]
[EndTime "13:31:55 PST"]
[Termination "Game drawn - insufficient material"]

1. e4 e6 2. d4 d5 3. Nc3 Bb4 4. e5 c5 5. a3 Bxc3+ 6. bxc3 Ne7 7. h4 Qa5 8. Bd2 Nbc6 9. Nf3 cxd4 10. cxd4 Qa4 11. c3 Qxd1+ 12. Rxd1 Bd7 13. Rb1 b6 14. c4 dxc4 15. Bxc4 Rc8 16. Bd3 O-O 17. O-O Rfd8 18. Rfd1 Be8 19. Ba6 Rc7 20. Rbc1 Rcd7 21. Bg5 h6 22.
Bxe7 Nxe7 23. Bb5 Rd5 24. Bxe8 Rxe8 25. Rc7 Ra5 26. Rd3 Nd5 27. Rd7 Rc8 28. g3 Kf8 29.
Nd2 Nc3 30. Kg2 Ke8 31. Rb7 f6 32. exf6 gxf6 33. Rf3 f5 34. Re3 Rc6 35. Rh7 Rxa3 36. Rxh6 Kf7 37. Nf3 Nb5 38. Ne5+ Kg7 39. Rg6+ Kh7 40.
Nxc6 Rxe3 41. Rg5 Re2 42. Rh5+ Kg6 43. Rg5+ Kf6 44. Ne5 Nxd4 45. Nd7+ Ke7 46. Rg7+ Kd6 47. Nf6 Nc2 48. Rxa7 Kc6 49. Ra8 Rd2 50. Rc8+ Kb7 51.
Re8 Ne3+ 52. Kf3 Nd1 53. Re7+ Ka6 54. Kg2 Rxf2+ 55. Kh3 Re2 56. Nd7 Nf2+ 57. Kg2 Ng4+ 58. Kf1 Rf2+ 59. Ke1 Rg2 60. Nb8+ Kb5 61. Rxe6 Rxg3 62.
Nd7 Rg1+ 63. Kd2 Rg2+ 64. Kc3 Rg3+ 65. Kd4 Ka5 66. Rxb6 Rh3 67. Rf6 Rxh4 68. Rxf5+ Kb4 69. Rf4 Kb3 70. Nc5+ Kb2 71. Nd3+ Kc2 72. Ne5 Nxe5 73. Rxh4 Nf3+ 74. Ke3 Nxh4 1/2-1/2

[Event "*** Titled Tuesday Blitz"]
[Site "Chess.com"]
[Date "2020.03.03"]
[Round "3"]
[White "GrandGlacier"]
[Black "aquaticpineapples"]
[Result "1/2-1/2"]
[WhiteElo "2552"]
[BlackElo "2260"]
[TimeControl "180+1"]
[EndTime "13:31:58 PST"]
[Termination "Game drawn by repetition"]

1. e4 e6 2. d4 d5 3. Nd2 Nf6 4.
e5 Nfd7 5. Bd3 c5 6. c3 Nc6 7. Ne2 cxd4 8. cxd4 f6 9. exf6 Qxf6 10. Nf3 h6 11. Nf4 Bb4+ 12. Kf1 O-O 13. Qc2 Rd8 14. Be3 Nf8 15. h4 e5 16. dxe5 Nxe5 17. Bd4 Qxf4 18.
Bxe5 Qf7 19. h5 Bg4 20. Nd4 Rac8 21. Qb3 Bc5 22. Rh4 Re8 23. Rxg4 Rxe5 24. Bg6 Nxg6 25. hxg6 Qd7 26. Qg3 Re4 27. Rxe4 dxe4 28. Ne2 Rf8 29. Nf4 Qd2 30. Nh3 Bxf2 31. Nxf2 e3 32. Kg1 Rxf2 33.
Kh2 Rf5 34. Qb8+ Rf8 35. Qg3 e2 36. Re1 Qxb2 37. Qb3+ Qxb3 38. axb3 Re8 39. Kg3 b5 40. b4 Re4 41. Kf3 Rxb4 42. Rxe2 Kf8 43. Ra2 Ra4 44. Rc2 Ke7 45. Rc7+ Kf6 46. Rc6+ Kf5 47. Rd6 Ra3+ 48. Kf2 b4 49. Rd4 Kxg6 50. Rxb4 a5 51. Rb6+ Kg5 52.
Rb5+ Kf4 53. Rb6 Ra2+ 54. Kg1 a4 55. Rg6 a3 56. Rxg7 Ra1+ 57. Kh2 Kf5 58. Ra7 Kg4 59. Ra4+ Kg5 60. Kg3 h5 61. Ra5+ Kg6 62. Kh4 a2 63.
Ra6+ Kf5 64. Kg3 h4+ 65. Kh2 Kg4 66. Ra4+ Kg5 67. Ra5+ Kf4 68. Ra3 Kg4 69. Ra4+ Kh5 70. Ra6 Kg5 71. Ra5+ Kg4 72. Ra4+ 1/2-1/2

[Event "*** Titled Tuesday Blitz"]
[Site "Chess.com"]
[Date "2020.03.03"]
[Round "3"]
[White "HajiyevKanan"]
[Black "Willychess95"]
[Result "0-1"]
[WhiteElo "2369"]
[BlackElo "2609"]
[TimeControl "180+1"]
[EndTime "13:32:00 PST"]
[Termination "Willychess95 won by checkmate"]

1. d4 Nf6 2. Nf3 e6 3. c4 Bb4+ 4. Bd2 a5 5. g3 d5 6. cxd5 exd5 7.
Bg2 O-O 8. O-O Bxd2 9. Qxd2 c6 10. Nc3 Bf5 11. Nh4 Bg6 12. Nxg6 hxg6 13. e4 dxe4 14. Nxe4 Nbd7 15. Nd6 Qc7 16. Nc4 Rfd8 17. Rac1 Nf8 18. Rfd1 Ne6 19. Qe3 Nd5 20. Qe5 Qe7 21. h4 a4 22. h5 gxh5 23. Qxh5 a3 24. bxa3 Nf6 25. Qh4 Nd5 26. Bxd5 Qxh4 27. gxh4 cxd5 28. Ne3 Rxa3 29. Rb1 Rd7 30. Rb2 Ra4 31. Rdb1 Nxd4 32. Rxb7 Rxb7 33. Rxb7 Nf3+ 34. Kh1 Rxa2 35. Kg2 Nxh4+ 36.
Kg3 d4 37. Kxh4 dxe3 38. fxe3 Rg2 39. Rb8+ Kh7 40. Re8 Rg6 41. Kh5 Re6 42. Rf8 f6 43. Ra8 Rxe3 44. Kg4 Re5 45. Ra1 Rg5+ 46. Kf4 Kg6 47.
Ra8 Rb5 48. Re8 Rb4+ 49. Kf3 Kg5 50. Rg8 g6 51. Rf8 f5 52. Rd8 Rb3+ 53. Kg2 Kg4 54. Rd2 f4 55. Rc2 g5 56. Kh2 Re3 57. Rg2+ Kh4 58.
Ra2 f3 59. Kg1 Re2 60. Rxe2 fxe2 61. Kf2 Kh3 62. Kxe2 g4 63. Kf1 Kh2 64. Kf2 g3+ 65. Kf3 g2 66. Kg4 g1=Q+ 67. Kh4 Qd4+ 68. Kg5 Kg3 69.
Kf5 Qd5+ 70. Kf6 Kg4 71. Ke7 Qc6 72. Kf8 Qc7 73. Kg8 Kf5 74. Kf8 Kf6 75. Kg8 Qg7# 0-1

[Event "*** Titled Tuesday Blitz"]
[Site "Chess.com"]
[Date "2020.03.03"]
[Round "3"]
[White "Man-Chuk"]
[Black "marcodobrikov"]
[Result "1-0"]
[WhiteElo "2794"]
[BlackElo "2565"]
[TimeControl "180+1"]
[EndTime "13:32:04 PST"]
[Termination "Man-Chuk won by resignation"]

1. d4 Nf6 2. c4 g6 3. Nc3 d5 4.
Nf3 Bg7 5. h4 h6 6. cxd5 Nxd5 7.
e4 Nxc3 8. bxc3 c5 9. Be3 Qa5 10. Qd2 O-O 11. Rc1 cxd4 12. cxd4 Qxd2+ 13. Bxd2 Bg4 14. d5 Bxf3 15. gxf3 Nd7 16. Bh3 Nb6 17.
Rc7 Bf6 18. Ke2 Kg7 19. Rxb7 Nc4 20. Bf4 Bxh4 21. Bg4 Bg5 22. Bxg5 hxg5 23. Rc1 Ne5 24. Rxe7 Kf6 25. Rb7 Rfb8 26. Rcc7 Rxb7 27. Rxb7 a5 28. a4 Nc4 29. Kd3 Nd6 30. Rb6 Ke5 31. Bd7 Rh8 32. Ra6 Rb8 33. Rxa5 Rb3+ 34. Ke2 Rb2+ 35. Kf1 Kf4 36. Kg2 f5 37. exf5 gxf5 38. Rc5 Ra2 39. a5 Ke5 40. Bc6 Kd4 41. Rc1 Rxa5 42. Rh1 Ra7 43. Rh6 Kc5 44. Rg6 Nf7 45. Rg7 Re7 46. f4 gxf4 47. Rh7 Kd6 48. Rg7 Ne5 49. Rg5 Rf7 50. Ba4 Rf6 51. Bb3 Ng4 52. Bc2 Ke5 53. d6 Kxd6 54. Bxf5 Nh6 55. Be4 Ke6 56. Kf3 Nf7 57.
Bd5+ Ke7 58. Rg7 Kf8 59. Rxf7+ Rxf7 60. Bxf7 Kxf7 61. Kxf4 Kf6 62. f3 Kg6 63. Ke5 Kg7 64.
Ke6 Kf8 65. Kf6 Ke8 66. f4 Kf8 67. f5 Kg8 68. Ke7 1-0

[Event "*** Titled Tuesday Blitz"]
[Site "Chess.com"]
[Date "2020.03.03"]
[Round "3"]
[White "Hadza_3"]
[Black "RitvarsReimanis"]
[Result "0-1"]
[WhiteElo "2388"]
[BlackElo "2628"]
[TimeControl "180+1"]
[EndTime "13:32:04 PST"]
[Termination "RitvarsReimanis won by checkmate"]

1. e4 c5 2. Nc3 Nc6 3. f4 g6 4. Nf3 Bg7 5. Bc4 Rb8 6. O-O Nd4 7. Nxd4 cxd4 8. Ne2 b5 9. Bb3 a5 10. a4 b4 11. d3 Nf6 12. Nxd4 Ba6 13. e5 Ng8 14. Be3 Nh6 15. f5 Bxe5 16. fxg6 hxg6 17. Nf3 Bxb2 18.
Bxh6 Rxh6 19. Ng5 Qb6+ 20. Kh1 f6 21. Ne4 Be5 22. h3 Bb7 23. Rb1 d5 24. Nf2 d4 25.
Qg4 Bc8 26. Qf3 Qb7 27. Qxb7 Bxb7 28. Ne4 Rc8 29. Rbe1 Kd7 30. Bc4 Kc7 31. Nc5 Rxh3+ 32. Kg1 Bh2+ 33. Kf2 Bg3+ 34. Kg1 Bxe1 35. Nxb7 Re3 36.
Nxa5 Bg3 37. Nb3 e5 38. Nd2 Re1 39. Rxe1 Bxe1 40. Ne4 f5 41. Nc5 Ra8 42. Ne6+ Kd6 43. Bb3 Bd2 44. Kf1 Bh6 45. Ke2 Re8 46. a5 Ra8 47. a6 Rxa6 48. Nd8 Be3 49. Kf3 Ra8 50.
Nf7+ Kc5 51. Nxe5 Ra1 52. Nxg6 Rf1+ 53. Kg3 f4+ 54. Kg4 Rf2 55. Kh3 Kd6 56. Nh4 Bc1 57. Nf3 Be3 58. Nh4 Ke7 59. Nf3 Kf6 60. Nh2 Rd2 61. Ng4+ Kg5 62. Nh2 Rd1 63. Nf3+ Kh5 64. Nh2 Rh1 65. Bc4 Bg1 66. Bf7+ Kh6 67. Kg4 Bxh2 68.
Kf3 Bg3 69. Bb3 Rb1 70. Ke2 Kg5 71. Kf3 Re1 72. Bd5 Re3# 0-1

[Event "*** Titled Tuesday Blitz"]
[Site "Chess.com"]
[Date "2020.03.03"]
[Round "3"]
[White "Benjoneliere44"]
[Black "MFguimaraes"]
[Result "1-0"]
[WhiteElo "2634"]
[BlackElo "2401"]
[TimeControl "180+1"]
[EndTime "13:32:06 PST"]
[Termination "Benjoneliere44 won by resignation"]

1. d4 Nf6 2. Bf4 d5 3. e3 e6 4. c3 Bd6 5. Bxd6 Qxd6 6. f4 Ne4 7. Nd2 f5 8. Nxe4 fxe4 9. Qh5+ g6 10. Qh6 Nd7 11.
h4 Qf8 12. Qxf8+ Rxf8 13. h5 gxh5 14. Be2 Nf6 15. Bxh5+ Ke7 16. g4 Bd7 17. g5 Nxh5 18. Rxh5 Rh8 19. Kf2 Be8 20. Rh6 Bg6 21. Ne2 Kf7 22.
Rah1 Kg7 23. Rc1 c6 24. c4 Rhc8 25. Rhh1 a5 26. Rc3 b5 27. cxb5 cxb5 28. Rhc1 Rc4 29. b3 Rxc3 30. Rxc3 a4 31. b4 a3 32. Rc7+ Kg8 33. Nc3 Be8 34. Kg3 Kh8 35. Kg4 Kg8 36. Kg3 Kh8 37. Kf2 Rb8 38. Ke1 Kg8 39. Kd2 Bh5 40. Kc2 Kh8 41. Kb3 h6 42. gxh6 Rg8 43. Nxb5 Rg3 44. Rc3 Be2 45. Nxa3 Kh7 46. b5 Bd1+ 47. Kb4 Rg2 48. b6 Rxa2 49. Kc5 Rb2 50. Nb5 Ba4 51. Nc7 Kxh6 52. Ra3 Bd7 53. Kd6 Rxb6+ 54.
Kxd7 Kg6 55. Nxe6 Kf5 56. Nc7 Kg4 57. Nxd5 Rh6 58. Ne7 Rh7 59. f5 Kg5 60. Ra6 Rf7 61. Rg6+ Kh5 62. Ke6 Rf8 63. Rg1 Ra8 64. f6 Kh4 65. d5 Ra6+ 66. d6 Ra8 67. f7 Kh5 68.
Rg8 Ra5 69. f8=Q Kh4 70. Qh6+ Rh5 71. Qf4+ 1-0

[Event "*** Titled Tuesday Blitz"]
[Site "Chess.com"]
[Date "2020.03.03"]
[Round "3"]
[White "silverback96"]
[Black "enriquetejedor"]
[Result "0-1"]
[WhiteElo "2037"]
[BlackElo "2537"]
[TimeControl "180+1"]
[EndTime "13:32:07 PST"]
[Termination "enriquetejedor won on time"]

1. d4 Nf6 2. c4 c5 3. d5 b5 4. cxb5 a6 5. e3 axb5 6. Bxb5 Ba6 7. Nc3 Bxb5 8. Nxb5 d6 9. a4 g6 10. Ne2 Bg7 11.
Nec3 O-O 12. O-O Na6 13. e4 Nc7 14. Qc2 Nfe8 15. Bd2 Nxb5 16. Nxb5 Nc7 17. Nxc7 Qxc7 18. Bc3 Bxc3 19. Qxc3 Rfb8 20. Rfb1 Rb4 21. b3 Rxe4 22. Re1 Rb4 23. Re3 Rab8 24. Rae1 Rxb3 25. Qxb3 Rxb3 26.
Rxb3 c4 27. Rc3 Qa5 28. Rec1 Qxa4 29. Rxc4 Qa5 30. Rd1 Kg7 31. h4 h5 32. Re4 Kf6 33. g3 Qa2 34. Kg2 Qa3 35. Re3 Qb4 36. Rdd3 Qc5 37. Re4 e5 38. dxe6 fxe6 39. Red4 d5 40. f4 Qc2+ 41. Rd2 Qc3 42. R2d3 Qa1 43. Rd2 Kf5 44. R2d3 Kg4 45. Rd2 Qc1 46. R4d3 Qe1 47. Kh2 Qf1 48. Rd1 Qe2+ 49. Kg1 Qe4 50. R1d2 Qb4 51.
Rd1 Qb6+ 52. Kg2 Qb2+ 53. R1d2 Qb7 54. Rf2 Kf5 55. Rfd2 Qb4 56. Kh2 Ke4 57. Rd1 Qc4 58.
R3d2 Kf5 59. Re1 Kf6 60. Rde2 d4 61. Re4 Qd5 62. Kg1 Qd6 63. Rxe6+ Qxe6 64. Rxe6+ Kxe6 65. Kf2 Kf6 66. Ke2 Kf5 67. Kd3 Kg4 68. Kxd4 Kxg3 69. Ke4 Kxh4 70. Kf3 Kh3 71. f5 gxf5 72. Kf4 h4 73.
Kf3 Kh2 74. Kf2 h3 75. Kf3 Kg1 0-1

[Event "*** Titled Tuesday Blitz"]
[Site "Chess.com"]
[Date "2020.03.03"]
[Round "3"]
[White "LucaBrasi1968"]
[Black "VladimirBelous"]
[Result "0-1"]
[WhiteElo "2477"]
[BlackElo "2779"]
[TimeControl "180+1"]
[EndTime "13:32:11 PST"]
[Termination "VladimirBelous won by resignation"]

1. d4 Nf6 2. Nf3 g6 3. Bg5 Ne4 4. Bf4 Bg7 5. e3 O-O 6. Bd3 d5 7. Nbd2 Nxd2 8. Qxd2 c5 9. c3 Nc6 10. O-O Bg4 11. Be2 Qb6 12. h3 Bf5 13. Rfd1 Rfd8 14. Nh4 Be6 15. Nf3 Rac8 16. Bg3 Bf5 17. Nh4 Be6 18. Nf3 a6 19. Bd3 f6 20. Be2 Bf7 21. Rac1 h6 22. Bh2 e5 23. dxe5 fxe5 24. Bg3 e4 25. Nh2 h5 26. Qc2 Bf6 27. Nf1 Be6 28. c4 d4 29. Qxe4 Bf5 30. Qf3 d3 31. Bxd3 Rxd3 32.
Rxd3 Qxb2 33. Rcd1 Bxd3 34. Rxd3 Rf8 35. Qd5+ Rf7 36.
Qe6 Kg7 37. Rd7 Rxd7 38. Qxd7+ Kh6 39. Bf4+ g5 40. Bd6 Qxa2 41. Ng3 Qb1+ 42. Kh2 h4 43. Nf5+ Kg6 44. Ne7+ Nxe7 45. Bxe7 Qf5 46. Qd6 Qe5+ 47. Qxe5 Bxe5+ 48. Kg1 b6 49. Kf1 Kf5 50. Ke2 Bf6 51. Bd6 Ke6 52. Bf8 Be5 53. Kd3 a5 54. Kc2 Kf7 55.
Bh6 Kg6 56. Bf8 Kf7 57. Bh6 Bf6 58. f4 Kg6 59. fxg5 Bxg5 60. Bf8 Kf7 61. Bd6 Bd8 62.
Bf4 Ke6 63. Kb3 Kf5 64. Ka4 Bg5 65. Kb5 Bxf4 66. exf4 Kxf4 67. Kxb6 a4 68. Kxc5 a3 69. Kd6 a2 70. c5 a1=Q 71. c6 Qd4+ 72. Ke7 Kg3 73.
c7 Qc5+ 74. Kd7 Qd5+ 75. Ke7 Qc6 76. Kd8 Qd6+ 77. Kc8 Kxg2 78. Kb8 Kxh3 0-1

[Event "*** Titled Tuesday Blitz"]
[Site "Chess.com"]
[Date "2020.03.03"]
[Round "3"]
[White "Jospem"]
[Black "ama18"]
[Result "1-0"]
[WhiteElo "2914"]
[BlackElo "2514"]
[TimeControl "180+1"]
[EndTime "13:32:12 PST"]
[Termination "Jospem won on time"]

1. c4 Nf6 2. g3 c5 3. Bg2 e6 4. Nc3 a6 5. d3 Qc7 6. e3 d6 7. Nge2 Be7 8. O-O O-O 9. b3 Nc6 10. Bb2 b6 11. d4 cxd4 12. exd4 Bb7 13. d5 Ne5 14. Nd4 Qc8 15. Rc1 Re8 16. Na4 Bd8 17.
Ba3 exd5 18. cxd5 Qd7 19. Nc6 b5 20. Nb2 Bb6 21. Nd3 Nfg4 22. Ndxe5 Nxe5 23. Bb2 Rac8 24. Bd4 Nxc6 25. Bxb6 Ne5 26. Rxc8 Rxc8 27. f4 Ng4 28. h3 Nf6 29. g4 h6 30. g5 Nh7 31. h4 hxg5 32.
fxg5 g6 33. Bd4 Re8 34. Qf3 Re7 35. Bh3 Qe8 36. Bg2 Re2 37. Ba1 Re1 38. Qc3 Rxf1+ 39. Bxf1 f6 40. gxf6 Qf7 41. Bg2 Nf8 42. Qg3 Bxd5 43.
Bh3 Be6 44. Bf1 d5 45. h5 Kh7 46. Qg5 Bf5 47. Bd4 Be4 48. Be3 gxh5 49. Qh6+ Kg8 50. Kh2 Qg6 51. Qf4 Qg4 52. Qxg4+ hxg4 53. Kg3 Bf3 54.
Kf4 Kf7 55. Kf5 Be4+ 56. Kxg4 Kxf6 57. a4 bxa4 58. bxa4 Ne6 59. Bxa6 d4 60. Bf2 Ke5 61.
Bc4 Bf5+ 62. Kf3 d3 63. Ke3 d2 64. Bg3+ Kf6 65. Kxd2 Nc5 66. a5 Bc8 67. Ke3 Na6 68. Bd6 Bb7 69. Kd4 Kf5 70. Bf7 Kf6 71. Bb3 Kf5 72.
Bh2 Kf6 73. Be5+ Ke7 74. Ba4 Kd8 75. Kc4 Kc8 76. Kb5 Nc7+ 77. Kb6 Nd5+ 78. Ka7 Nb4 79. Kb6 Nd5+ 80. Kc5 Nc7 81. Bb3 Na6+ 82. Kb6 1-0

[Event "*** Titled Tuesday Blitz"]
[Site "Chess.com"]
[Date "2020.03.03"]
[Round "3"]
[White "Koksik_13"]
[Black "Noam_Vitenberg"]
[Result "0-1"]
[WhiteElo "2743"]
[BlackElo "2467"]
[TimeControl "180+1"]
[EndTime "13:32:15 PST"]
[Termination "Noam_Vitenberg won by checkmate"]

1. e4 c6 2. d4 d5 3. Nc3 dxe4 4. Nxe4 Nf6 5. Nxf6+ exf6 6. Nf3 Bd6 7. Be3 O-O 8. Bd3 Re8 9. Qd2 Nd7 10. O-O-O b5 11. Rhe1 Nb6 12. Bf4 Be6 13. Kb1 b4 14. Bxd6 Qxd6 15.
Be4 a5 16. g3 Bxa2+ 17. Kc1 Bd5 18. Bxd5 Qxd5 19. Qd3 Qa2 20. Qb3 Qxb3 21. cxb3 Kf8 22. Kd2 Red8 23. Rc1 Rd6 24. Ke2 Re8+ 25. Kd3 Rxe1 26.
Nxe1 Nd7 27. Ke3 Ke7 28. Nd3 Re6+ 29. Kd2 Rd6 30. Ke3 Kd8 31. Ra1 Rd5 32. Nf4 Rb5 33. Rc1 Kc7 34. Kd3 Kd6 35. Re1 Rb8 36. Nh5 g6 37.
Nf4 c5 38. Ne2 cxd4 39. Nxd4 Ne5+ 40. Ke2 Rc8 41. Rd1 Ke7 42. f4 Nd7 43. Kf3 Nc5 44.
Ra1 Ra8 45. h4 Kd6 46. Rd1 Kc7 47. h5 a4 48. bxa4 Rxa4 49. h6 Ra2 50. Rd2 Na4 51.
Re2 Kd6 52. Nb5+ Kc5 53. Nc7 Rxb2 54. Re7 Rh2 55. Rxf7 Rxh6 56. Ne6+ Kc4 57. Rc7+ Kd5 58. Nd8 b3 59. Rb7 b2 60. Nf7 Rh1 61. Rb5+ Kc4 62.
Rb8 b1=Q 63. Nd6+ Kd5 64. Rxb1 Rxb1 65. Ne8 Rb3+ 66. Kg4 Ke6 67. Nc7+ Kf7 68. Nd5 f5+ 69. Kg5 Nc5 70. Kh6 Rxg3 71. Nc7 Rh3+ 72. Kg5 h6# 0-1

[Event "*** Titled Tuesday Blitz"]
[Site "Chess.com"]
[Date "2020.03.03"]
[Round "3"]
[White "LittlePeasant"]
[Black "AlleyOoper"]
[Result "1/2-1/2"]
[WhiteElo "2807"]
[BlackElo "2622"]
[TimeControl "180+1"]
[EndTime "13:32:17 PST"]
[Termination "Game drawn by agreement"]

1. d4 Nf6 2. c4 c5 3. d5 b5 4. cxb5 a6 5. bxa6 g6 6. Nc3 Bg7 7. e4 O-O 8. a7 Rxa7 9. e5 Ne8 10.
Nf3 d6 11. exd6 Nxd6 12. Be2 Na6 13. O-O Nb4 14. Be3 Ra5 15. a3 Na6 16. Rc1 Bb7 17.
Nd2 Nc7 18. Nb3 Bxc3 19. bxc3 Rxa3 20. Bxc5 Ra2 21. c4 Na6 22. Bd4 Nf5 23. Ba1 e6 24.
Bd3 Nh4 25. Qg4 exd5 26. Qd4 Rxa1 27. Rxa1 Nb4 28. c5 Qg5 29. Qxh4 Qxh4 30. Rfd1 Nxd3 31. Rxd3 Qc4 32. Rad1 d4 33. Na5 Qb5 34. Nxb7 Qxb7 35.
Rxd4 Qc6 36. Rc1 Rc8 37. g3 Qb5 38. Rdc4 Rc6 39. R1c2 h5 40. Kg2 Qb3 41. h4 Qd3 42. R2c3 Qd5+ 43. Kg1 Ra6 44. Rc1 Rc6 45. R1c3 Qe6 46.
Rc1 Qf5 47. R4c3 Kg7 48. Rc4 Qf3 49. R4c3 Qf5 50. Rc4 g5 51. hxg5 Qxg5 52. Kg2 Qf5 53. R1c3 Qd5+ 54. Kg1 h4 55. Rxh4 Rxc5 56. Rxc5 Qxc5 57.
Rf4 Kf8 58. Kg2 Qd5+ 59. Kg1 Qd6 60. Kg2 Kg7 61. Kg1 Kf8 62. Kg2 Ke7 63. Kg1 Qd5 64. Kh2 f5 65. Kg1 Ke6 66. Kh2 Ke5 67. Kg1 Qd1+ 68.
Kg2 Qe1 69. Rh4 Qe2 70. Rf4 Kf6 71. Rh4 Kg5 72. Rf4 Qe1 73. Rh4 Qe6 74. Rf4 Qc6+ 75. Kg1 Qd5 76. Kh2 Qd2 77. Kg2 Qe2 78. Rh4 Kf6 79.
Rf4 Ke5 80. Rh4 Qe1 81. Rf4 Qc3 82. Kg1 Qc6 83. Rh4 Qg6 84. Rf4 Qc6 85. Rh4 Qc2 86.
Rf4 Kf6 87. Kg2 Kg5 88. Rh4 Qc6+ 89. Kg1 Qf3 90. Rf4 Qd1+ 91. Kg2 Qd2 92. Rh4 Qe2 93. Rf4 Qe1 94. Rh4 1/2-1/2

[Event "*** Titled Tuesday Blitz"]
[Site "Chess.com"]
[Date "2020.03.03"]
[Round "3"]
[White "vpsetter"]
[Black "isla88"]
[Result "1-0"]
[WhiteElo "2587"]
[BlackElo "2321"]
[TimeControl "180+1"]
[EndTime "13:32:30 PST"]
[Termination "vpsetter won by checkmate"]

1. e4 c5 2. Nf3 Nc6 3. d4 cxd4 4. Nxd4 e5 5. Nb5 d6 6. N1c3 a6 7. Na3 Be7 8. Nd5 Nf6 9. Nxf6+ Bxf6 10. Nc4 O-O 11.
Be3 Be7 12. Nb6 Rb8 13. Nd5 b5 14. g4 Bg5 15. h4 Bxe3 16. fxe3 Qa5+ 17. Kf2 Qd8 18. Be2 Ne7 19. Bf3 Nxd5 20. Qxd5 Be6 21. Qd2 Rc8 22. c3 Qc7 23. Rad1 Rfd8 24. a3 Qc4 25. g5 d5 26. exd5 e4 27. Be2 Qxd5 28. Qxd5 Bxd5 29. Rd4 Bb7 30. Rhd1 Rxd4 31. Rxd4 Bc6 32.
Bg4 Ra8 33. Rd6 Bb7 34. Kg3 Kf8 35. Kf4 Bc8 36. Be2 Ke7 37. Rb6 Bd7 38. Kxe4 Re8 39. Kf4 Bc8 40. Rc6 Kd7 41. Rc5 Kd6 42. b4 Bb7 43.
Bd3 g6 44. e4 h6 45. e5+ Kd7 46. gxh6 Rh8 47. Kg5 Ke6 48. Rc7 Bd5 49. c4 bxc4 50.
Bxc4 Kxe5 51. Rc5 f6+ 52. Kxg6 Rg8+ 53. Kh7 Rg1 54. Rxd5+ Ke6 55. Rc5+ Ke7 56. Rc7+ Kd6 57. Rg7 Re1 58. Bf7 Re7 59. Kg8 f5 60. h7 f4 61.
h8=Q Re8+ 62. Bxe8 f3 63. Qh6+ Kd5 64. Rf7 Kc4 65.
Bc6 Kb3 66. Qe3+ Ka2 67. Rxf3 Kb1 68. Rf2 Ka1 69. Qe1# 1-0

[Event "*** Titled Tuesday Blitz"]
[Site "Chess.com"]
[Date "2020.03.03"]
[Round "3"]
[White "johnathan113"]
[Black "Hubbery"]
[Result "0-1"]
[WhiteElo "2755"]
[BlackElo "2559"]
[TimeControl "180+1"]
[EndTime "13:32:32 PST"]
[Termination "Hubbery won on time"]

1. d4 Nf6 2. Nc3 d5 3. Bf4 a6 4.
e3 e6 5. Nf3 c5 6. a3 Nc6 7.
Bd3 Bd6 8. dxc5 Bxc5 9. O-O h6 10. Re1 O-O 11. h3 Re8 12. Ne5 Bd6 13. Nxc6 bxc6 14. Bxd6 Qxd6 15. e4 e5 16. Qe2 d4 17. Nb1 Be6 18.
Nd2 a5 19. Nc4 Bxc4 20. Bxc4 Rab8 21. b3 Nd7 22. Rf1 Qg6 23. Rad1 Nf6 24. Rde1 Nh5 25. Kh2 Rbd8 26. g3 Nf6 27. a4 h5 28. f4 exf4 29. Rxf4 Re5 30. Qf2 c5 31. Bd3 Rde8 32. Qd2 Ra8 33. Ref1 Ra7 34. Qf2 Rae7 35. Qf3 Qh6 36. Kg2 Qg6 37. Rf5 Qh6 38. Rxe5 Rxe5 39. Qf4 Qg5 40. h4 Qxf4 41. gxf4 Re7 42. Kf3 Ng4 43. Rg1 f6 44. Bc4+ Kf8 45. Bd3 Ke8 46. Rc1 Kd8 47. c3 Rd7 48. Bb5 Rd6 49. cxd4 cxd4 50. Rd1 Ne3 51. Rd2 Ng4 52. Re2 Kc7 53. e5 fxe5 54.
fxe5 Re6 55. Ke4 Rxe5+ 56. Kxd4 Rf5 57. Rc2+ Kb7 58. Bc6+ Kb6 59. Be4 Rf4 60. Rc6+ Ka7 61. Rc7+ Kb8 62. Rb7+ Kc8 63. Rxg7 Nf6 64. Re7 Rxh4 65.
Re6 Nxe4 66. Rxe4 Rxe4+ 67. Kxe4 Kc7 68. Kf4 Kb6 69. Kg5 Kc5 70. Kxh5 Kb4 71. Kg4 Kxb3 72. Kf4 Kxa4 73. Ke3 Kb3 74. Kd2 Kb2 75. Kd3 a4 76. Kc4 a3 77. Kb4 a2 0-1